 Dungeon Sprint DCSS version 0.30-a0-1123-gabc949cf19 (webtiles) character file.

Game seed: 11251928281151686387

454 NateTC the Fighter (level 6, -9/68 HPs)
             Began as a Minotaur Fighter on Apr 22, 2023.
             Shot with an arrow by a centaur warrior (11 damage)
             ... in the Dungeon (Sprint I: "Red Sonja").
             The game lasted 00:01:18 (475 turns).

NateTC the Fighter (Minotaur Fighter)                Turns: 475, Time: 00:01:19

Health: -9/68      AC:  7    Str: 23    XL:     6   Next: 76%
Magic:  5/5        EV:  9    Int:  5    God:
Gold:   175        SH:  5    Dex:  9    Spells: 5/5 levels left

rFire   . . .        a - +0 trident
rCold   . . .        c - +0 buckler
rNeg    . . .        b - +0 scale mail
rPois   .            (helmet restricted)
rElec   .            (no cloak)
rCorr   .            (no gloves)
SInv    .            (no boots)
Will    .....        (no amulet) Stlth
                     (no ring)
HPRegen 0.31/turn    (no ring)
MPRegen 0.09/turn

%: no teleportation
@: very slow
A: horns 2, retaliatory headbutt
a: no special abilities


You were in the Dungeon.
You visited 1 branch You collected 175 gold pieces.

Inventory:

Hand Weapons
 a - a +0 trident (weapon)
Armour
 b - a +0 scale mail (worn)
 c - a +0 buckler (worn)
Wands
 d - a wand of flame (11)
 f - a wand of polymorph (6)
Scrolls
 j - a scroll of blinking
Potions
 e - a potion of curing
 g - a potion of haste
 h - 2 potions of magic
 i - a potion of berserk rage


   Skills:
 * Level 11.2 Fighting
 * Level 10.9 Polearms
 - Level 5.8 Armour
 + Level 8.3 Shields


You had 5 spell levels left.
You didn't know any spells.
Your spell library was empty.

Dungeon Overview and Level Annotations

Branches:
Dungeon (1/1) Zot: 27000

Altars:
Makhleb
Sif Muna
Vehumet
Wu Jian
Xom
Jiyva
Lugonu


Innate Abilities, Weirdness & Mutations

You have a pair of horns on your head.
You reflexively headbutt those who attack you in melee.


Message History

No target in view!
f - a wand of polymorph (6)
You now have 175 gold pieces (gained 13).
There is an ornate altar of the Wu Jian Council here.
You open the door.
Found 7 stones.
There is an open door here.
There is a shimmering blue altar of Sif Muna here.
You open the door.
A centaur warrior comes into view.
The centaur warrior moves out of view.
Found a scroll labelled HESMUNO AZXIE.
A centaur warrior comes into view.
There is an open door here.
You enter the shallow water.
Moving in this stuff is going to be slow.
Found 17 gold pieces.
The centaur warrior moves out of view.
The centaur warrior shouts!
The centaur warrior wields a +0 shortbow.
The centaur warrior shoots an arrow.
The arrow hits you!
The centaur warrior wields a +0 shortbow.
The centaur warrior shoots an arrow.
The arrow hits you!!
The centaur warrior shoots an arrow.
The arrow barely misses you.
The centaur warrior attacks as you move away!
The centaur warrior unwields a +0 shortbow.
The centaur warrior hits you.
The centaur warrior kicks you but does no damage.
The centaur warrior attacks as you move away!
The centaur warrior unwields a +0 shortbow.
The centaur warrior hits you!
The centaur warrior kicks you but does no damage.
The centaur warrior wields a +0 shortbow.
The centaur warrior shoots an arrow.
The arrow closely misses you.
The centaur warrior wields a +0 shortbow.
The centaur warrior shoots an arrow.
The arrow hits you!!
* * * LOW HITPOINT WARNING * * *
The centaur warrior shoots an arrow.
The arrow hits you.
* * * LOW HITPOINT WARNING * * *
The centaur warrior shoots an arrow.
The arrow hits you!
You die...

##################
<.#..)..#..'..#__#
..').#..').#..'..+
..#####'#####'#__####
..# #..# #.####§§#
..# #### ##.#§§§c§#
..# #+#_.'§§§c§+ ⌠⌠#
+..._#§@§§§# ###
#_.#'##+#### ##+#(#
###


You could see 2 centaur warriors.

Vanquished Creatures
  A slime creature (D)
  Sigmund (D)
  An ogre (D)
  A jelly (D)
  Ijyb (D)
5 creatures vanquished.

Notes
Turn   | Place    | Note
-------+----------+-------------------------------------------
     0 | D        | NateTC the Minotaur Fighter began the quest for the Orb.
     0 | D        | Reached XP level 1. HP: 19/19 MP: 0/0
     2 | D        | Noticed Ijyb
     9 | D        | Killed Ijyb
    10 | D        | Reached skill level 5 in Fighting
    10 | D        | Reached XP level 2. HP: 29/29 MP: 1/1
    13 | D        | Noticed an ogre
    18 | D        | Killed an ogre
    19 | D        | Reached skill level 7 in Fighting
    19 | D        | Reached skill level 5 in Armour
    19 | D        | Reached skill level 5 in Shields
    19 | D        | Reached XP level 3. HP: 6/39 MP: 2/2
    19 | D        | Reached XP level 4. HP: 8/47 MP: 3/3
   168 | D        | Noticed Sigmund
   182 | D        | Killed Sigmund
   183 | D        | Reached skill level 9 in Fighting
   183 | D        | Reached XP level 5. HP: 32/58 MP: 4/4
   290 | D        | Found a burning altar of Makhleb.
   290 | D        | Found a viscous altar of Jiyva.
   290 | D        | Found a shimmering altar of Xom.
   290 | D        | Found a corrupted altar of Lugonu.
   290 | D        | Noticed a slime creature
   298 | D        | Killed a slime creature
   299 | D        | Reached skill level 11 in Fighting
   299 | D        | Reached skill level 10 in Polearms
   299 | D        | Reached XP level 6. HP: 20/68 MP: 5/5
   454 | D        | Found an ornate altar of the Wu Jian Council.
   454 | D        | Found a shimmering blue altar of Sif Muna.
   456 | D        | Found a radiant altar of Vehumet.
   470 | D        | Noticed a centaur warrior
   472 | D        | Noticed a centaur warrior
   475 | D        | HP: 2/68 [centaur warrior/arrow (3)]
   475 | D        | Shot with an arrow by a centaur warrior

Illustrated notes

Levels and vault maps discovered:
D:        dungeon_sprint_1 [red_sonja_temple_1, red_sonja_temple_small_1]

Skill      XL: |  1  2  3  4  5 |
---------------+----------------+-----
Fighting       | 5 7 9 11 | 11.2
Polearms       | 4 6 9 10 | 10.9
Armour         | 4 5 |  5.8
Shields        | 4 5 7 8 |  8.3

Action                     |  1- 3 |  4- 6 || total
---------------------------+-------+-------++-------
  Melee: Trident           |    10 |    24 ||    34
         Headbutt          |       |     3 ||     3
    Use: Potion            |     2 |       ||     2
 Armour: Scale mail        |     2 |     2 ||     4
  Dodge: Dodged            |     2 |     6 ||     8
  Block: Buckler           |     2 |     3 ||     5

Table legend: (Time is in decaauts)
 A = Elapsed time spent in this place.
 B = Non-inter-level travel time spent in this place.
 C = Inter-level travel time spent in this place.
 D = Time resting spent in this place.
 E = Time spent auto-exploring this place.
 F = Levels seen in this place.
 G = Mean time per level.
                   A        B        C        D        E       F      G
               +--------+--------+--------+--------+--------+-----+--------+
         Total |    476 |    476 |      0 |    384 |      0 |   1 |  476.0 |
       Dungeon |    476 |    476 |      0 |    384 |      0 |   1 |  476.0 |
               +--------+--------+--------+--------+--------+-----+--------+

Top non-repeatable levels by time:
       D: 476 daAuts
